 Dungeon Crawl Stone Soup version 0.21.1-1-g345015f (webtiles) character file.

13104 poirepourri the Cleaver (level 11, -2/104 HPs)
             Began as a Deep Dwarf Fighter on July 21, 2018.
             Was a Priest of Makhleb.
             Slain by an elephant (5 damage)
             ... on level 4 of the Lair of Beasts.
             The game lasted 00:11:40 (6815 turns).

poirepourri the Cleaver (Deep Dwarf Fighter)        Turns: 6815, Time: 00:11:42

Health: -2/104     AC: 11    Str: 21    XL:     11   Next: 71%
Magic:  4/4        EV: 12    Int:  8    God:    Makhleb [***...]
Gold:   560        SH: 12    Dex: 15    Spells: 10/10 levels left

rFire    . . .     SeeInvis .   a - +3 war axe (chop)
rCold    . . .     Gourm    .   c - +0 shield
rNeg     . . .     Faith    .   e - +1 scale mail
rPois    .         Spirit   .   g - +2 hat
rElec    .         Reflect  .   (no cloak)
rCorr    +         Harm     .   (no gloves)
MR       +....                  (no boots)
Stlth    ..........             (no amulet)
HPRegen  0.00/turn              k - ring of resist corrosion
MPRegen  0.09/turn              v - +2 ring of protection

@: lethally poisoned (-2 -> -10), about to teleport, non-regenerating
A: damage resistance, heal wounds, sense surroundings 2, no regeneration
a: Heal Wounds, Minor Destruction, Lesser Servant of Makhleb, Renounce Religion


You were on level 4 of the Lair of Beasts.
You worshipped Makhleb.
Makhleb was most pleased with you.
You were full.

You visited 3 branches of the dungeon, and saw 15 of its levels.

You collected 560 gold pieces.

Inventory:

Hand Weapons
 a - a +3 war axe of chopping (weapon)
 b - a +0 hunting sling
Missiles
 l - 5 javelins
 m - 32 sling bullets
 n - 41 bolts
 p - 149 stones
 s - 13 tomahawks (quivered)
 z - a throwing net
Armour
 c - a +0 shield (worn)
 e - a +1 scale mail (worn)
 g - a +2 hat (worn)
Jewellery
 k - a ring of resist corrosion (left hand)
 r - an uncursed ring of see invisible
 v - a +2 ring of protection (right hand)
Wands
 x - a wand of scattershot (8)
 y - a wand of paralysis (16)
Scrolls
 h - a scroll of magic mapping
 j - 2 scrolls of remove curse
 u - a scroll of amnesia
 w - 3 scrolls of teleportation
Potions
 t - a potion of magic
 B - a potion of cancellation {unknown}
Books
 d - a book of Conjurations

   Spells                             Type                      Level
   a - Magic Dart                     Conjuration                  1
   b - Searing Ray                    Conjuration                  2
   c - Dazzling Spray                 Conjuration/Hexes            3
   d - Fulminant Prism                Conjuration/Hexes            4
   e - Force Lance                    Conjuration/Translocation    4
   f - Iskenderun's Mystic Blast      Conjuration                  4
Miscellaneous
 o - a sack of spiders
Comestibles
 f - 16 rations


   Skills:
 - Level 8.3 Fighting
 + Level 13.8 Axes
 - Level 5.6 Slings
 - Level 3.2 Armour
 - Level 6.1 Dodging
 - Level 9.1 Shields


You had 10 spell levels left.
You didn't know any spells.

Dungeon Overview and Level Annotations

Branches:
Dungeon (10/15)            Temple (1/1) D:6            Lair (4/6) D:10
  Swamp (0/4) Lair:4
  Snake: Lair:2-4    Spider: Lair:2-4       Orc: D:9-12

Altars:
Cheibriados
Dithmenos
Elyvilon
Fedhas
Gozag
Hepliaklqana
Kikubaaqudgha
Makhleb
Nemelex Xobeh
Okawaru
Qazlal
Ru
Sif Muna
Trog
Uskayaw
Vehumet
Wu Jian
Xom
Yredelemnul
Zin
The Shining One

Shops:
D:10 :


Innate Abilities, Weirdness & Mutations

You are resistant to damage.
You can heal yourself by infusing magical energy.
You passively map the area around you.
You do not regenerate.


Message History

You kill the killer bee!
Makhleb accepts your kill.
You hit the elephant. You hit the elephant but do no damage.
* * * LOW HITPOINT WARNING * * *
You feel very sick. The elephant barely misses you.
The elephant trunk-slaps you but does no damage.
The elephant tramples you but does no damage.
The elephant barely misses you.
* * * LOW HITPOINT WARNING * * *
You feel sick.
You see here a killer bee corpse.
Unknown command.
As you read the scroll of teleportation, it crumbles to dust.
You feel strangely unstable.
* * * LOW HITPOINT WARNING * * *
You feel very sick. The elephant misses you. You block the elephant's attack.
The elephant tramples you!
You die...

,, *#.....
................. *.....
................. * ....
.....?.........(. * * ...
................. * , ,..
..........P###### * * ...
.#..#.##....## , ....
#.##....#...## #* , *
.....#%Y....##....####.# *
,......rY@.....#...#?.#...
*,,
..............#.......|..
* , .....#..#..#.#......#
... , ,
...)...≈....'#P<...## #..
, , ....≈≈≈≈≈≈≈.......#.#
* * ,, ,,
...≈≈≈≈≈≈≈≈≈.......######
...≈≈≈≈≈≈≈≈≈........P.P.#
,
,.≈≈≈≈.≈.≈≈≈.............
, , ≈≈≈≈>.≈≈≈≈............


You could see 2 elephants and a porcupine.

Vanquished Creatures
  The ghost of poirepourri the Blocker, a journeyman DDFi of Makhleb (Lair:2)
  Erica (Lair:1)
  A two-headed ogre (D:9)
  An elephant (Lair:4)
  A black mamba (Lair:1)
  3 komodo dragons
  A meliai (Lair:4)
  A polar bear (Lair:4)
  4 hippogriffs
  12 yaks
  2 wyverns
  A basilisk (Lair:2)
  A hungry ghost (D:9)
  11 water moccasins
  3 porcupines
  2 ice beasts (D:9)
  A sky beast (D:9)
  5 orc warriors
  A boggart (Lair:4)
  A phantom (D:5)
  3 ogres
  11 wolves
  3 centaurs
  3 crocodiles (Lair:1)
  A big kobold (D:9)
  10 bullfrogs
  2 scorpions
  14 killer bees
  An electric eel (Lair:4)
  2 crimson imps (D:9)
  A bullfrog zombie (D:5)
  2 centaur zombies (D:10)
  A quasit (D:9)
  A hound (D:9)
  2 bullfrog skeletons
  An orc priest (D:3)
  6 orc wizards
  2 iguanas
  A hell rat (Lair:4)
  5 worker ants
  A hound zombie (D:6)
  2 worker ant zombies
  12 adders
  An ooze (D:4)
  2 adder skeletons
  4 worms
  2 dart slugs
  4 leopard geckos
  20 orcs
  7 bats
  3 giant cockroaches
  4 goblins
  8 hobgoblins
  6 jackals
  2 quokkas
  3 frilled lizards
  9 kobolds
  5 rats (D:2)
  2 fungi
223 creatures vanquished.

Vanquished Creatures (others)
  A bush (Lair:4)
  2 fungi
  17 plants (Lair:4)
20 creatures vanquished.

Grand Total: 243 creatures vanquished

Notes
Turn   | Place    | Note
-------+----------+-------------------------------------------
     0 | D:1      | poirepourri the Deep Dwarf Fighter began the quest for the Orb.
     0 | D:1      | Reached XP level 1. HP: 20/20 MP: 1/1
    81 | D:1      | Reached skill level 3 in Axes
    82 | D:1      | Reached XP level 2. HP: 27/27 MP: 2/2
   188 | D:2      | Reached skill level 4 in Axes
   188 | D:2      | Reached XP level 3. HP: 15/33 MP: 3/3
   243 | D:2      | Found a glowing golden altar of the Shining One.
   342 | D:2      | Reached XP level 4. HP: 36/40 MP: 4/4
   422 | D:2      | Reached skill level 5 in Axes
   452 | D:2      | Found an ancient bone altar of Kikubaaqudgha.
   452 | D:2      | Found a blossoming altar of Fedhas.
   712 | D:3      | Reached XP level 5. HP: 30/46 MP: 5/5
   921 | D:3      | Reached skill level 6 in Axes
  1825 | D:4      | Noticed an orc warrior
  1831 | D:4      | Reached skill level 1 in Slings
  1837 | D:4      | Killed an orc warrior
  1837 | D:4      | Reached XP level 6. HP: 8/55 MP: 6/6
  2047 | D:5      | Entered Level 5 of the Dungeon
  2124 | D:5      | Reached skill level 5 in Slings
  2170 | D:5      | Reached XP level 7. HP: 21/61 MP: 7/7
  2236 | D:5      | Reached skill level 1 in Dodging
  2477 | D:5      | Found a hide-covered altar of Uskayaw.
  2477 | D:5      | Found a shadowy altar of Dithmenos.
  2482 | D:5      | Found an ornate altar of the Wu Jian Council.
  2484 | D:5      | Found a glowing silver altar of Zin.
  2485 | D:5      | Found a sparkling altar of Nemelex Xobeh.
  2785 | D:6      | Reached skill level 5 in Dodging
  2993 | D:6      | Reached XP level 8. HP: 44/68 MP: 5/5
  3035 | D:6      | Found a staircase to the Ecumenical Temple.
  3175 | Temple   | Entered the Ecumenical Temple
  3187 | Temple   | Became a worshipper of Makhleb the Destroyer
  3584 | D:7      | Reached skill level 5 in Shields
  3971 | D:9      | Noticed a hippogriff
  3988 | D:9      | Killed a hippogriff
  4037 | D:9      | Gained mutation: You passively map the area around you. [Deep Dwarf growth]
  4037 | D:9      | Reached XP level 9. HP: 29/74 MP: 5/5
  4264 | D:9      | Found a white marble altar of Elyvilon.
  4271 | D:9      | Reached * piety under Makhleb
  4344 | D:9      | Reached skill level 5 in Fighting
  4351 | D:9      | Noticed a two-headed ogre
  4363 | D:9      | Killed a two-headed ogre
  4781 | D:9      | Found a stormy altar of Qazlal.
  4791 | D:9      | Found an opulent altar of Gozag.
  4810 | D:9      | Found an iron altar of Okawaru.
  4847 | D:10     | Entered Level 10 of the Dungeon
  4895 | D:10     | Reached XP level 10. HP: 35/94 MP: 5/5
  4968 | D:10     | Found Sesuipek's Book Shop.
  5135 | D:10     | Found a staircase to the Lair.
  5153 | Lair:1   | Entered Level 1 of the Lair of Beasts
  5170 | Lair:1   | Noticed Erica
  5180 | Lair:1   | Killed Erica
  5180 | Lair:1   | Reached skill level 7 in Axes
  5306 | Lair:1   | Noticed a black mamba
  5328 | Lair:1   | Killed a black mamba
  5328 | Lair:1   | Reached skill level 8 in Axes
  5624 | Lair:1   | Reached skill level 9 in Axes
  5837 | Lair:1   | Reached ** piety under Makhleb
  6042 | Lair:2   | Noticed poirepourri's ghost (journeyman DDFi)
  6057 | Lair:2   | Reached skill level 10 in Axes
  6098 | Lair:2   | Killed poirepourri's ghost
  6131 | Lair:2   | Reached XP level 11. HP: 92/104 MP: 4/4
  6159 | Lair:3   | Reached skill level 11 in Axes
  6291 | Lair:4   | Found a staircase to the Swamp.
  6303 | Lair:4   | Reached skill level 12 in Axes
  6593 | Lair:4   | Noticed a seven-headed hydra
  6594 | Lair:4   | Reached *** piety under Makhleb
  6597 | Lair:4   | Reached skill level 13 in Axes
  6797 | Lair:4   | HP: 3/104 [meliai/hand axe (4)]
  6805 | Lair:4   | HP: 4/104 [elephant (9)]
  6815 | Lair:4   | HP: 3/104 [poisoned by a killer bee]
  6815 | Lair:4   | Slain by an elephant

Skill      XL: |  1  2  3  4  5  6  7  8  9 10 11 |
---------------+----------------------------------+-----
Axes           | 3 4 5 6 10 13 | 13.8
Slings         | 3 5 |  5.6
Dodging        | 5 6 |  6.1
Shields        | 8 9 |  9.1
Fighting       | 7 8 |  8.3
Armour         | |  3.2

Action                   |  1- 3 |  4- 6 |  7- 9 | 10-12 || total
-------------------------+-------+-------+-------+-------++-------
Melee: War axe           |    87 |    71 |   266 |   348 ||   772
 Fire: Hunting sling     |       |    56 |    34 |    11 ||   101
Invok: Lesser Servant of |       |       |       |     1 ||     1
 Abil: Heal Wounds       |     1 |     1 |    11 |    10 ||    23
  Use: Scroll            |     2 |     7 |     9 |     7 ||    25
       Potion            |       |     1 |       |    13 ||    14
  Eat: Ration            |       |     3 |     2 |     3 ||     8
Armor: Scale mail        |    69 |    28 |    97 |   142 ||   336
       Skin              |       |       |       |    14 ||    14
Dodge: Dodged            |    64 |    16 |   120 |   210 ||   410
Block: Shield            |    74 |    30 |   165 |   275 ||   544
